 Dungeon Crawl Stone Soup version 0.20-a0-792-g09bcfd3 (webtiles) character file.

3547 4thArraOfDagon the Carver (level 9, -3/69 HPs)
             Began as a Mummy Gladiator on Feb 27, 2017.
             Was an Initiate of Gozag.
             Slain by a two-headed ogre
             ... wielding a +0 giant club
              (24 damage)
             ... on level 11 of the Dungeon on Feb 28, 2017.
             The game lasted 00:24:10 (4576 turns).

4thArraOfDagon the Carver (Mummy Gladiator)         Turns: 4576, Time: 00:24:11

Health: -3/69      AC: 15    Str: 18    XL:     9   Next: 83%
Magic:  3/3        EV: 14    Int:  7    God:    Gozag
Gold:   1014       SH:  4    Dex: 14    Spells: 5/8 levels left

rFire    x . .     SeeInvis .   E - +9 war axe of the Maze {antimagic, +Rage rElec rC+ Int-2}
rCold    + + .     Gourm    .   d - +0 chain mail
rNeg     + + +     Faith    .   (no shield)
rPois    ∞         Spirit   .   c - +1 helmet
rElec    +         Reflect  +   D - +0 cloak
rCorr    .         Harm     .   w - +0 pair of gloves (curse)
MR       +....                  t - +0 pair of boots
Stlth    ..........             k - +4 amulet of reflection
Regen    0.3/turn               (no ring)
MPRegen  0.1/turn               s - +4 ring of evasion

@: gold aura
A: no food or potions, fire vulnerability, cold resistance 1, negative energy
resistance 3, torment resistance, unbreathing
a: Potion Petition, Call Merchant, Bribe Branch, Renounce Religion


You were on level 11 of the Dungeon.
You worshipped Gozag.
Gozag was most pleased with you.
You were not hungry.

You visited 1 branch of the dungeon, and saw 11 of its levels.
You also visited: Sewer.

You collected 1110 gold pieces.
You spent 30 gold pieces at shops.
You paid 66 gold pieces to Gozag.

Inventory:

Hand Weapons
 a - a +0 long sword
 B - the +2 rapier "Joatzy" {pierce, rElec rF+}
   (You found it on level 7 of the Dungeon)

   It inflicts extra damage upon your enemies.
   It protects you from fire.
   It insulates you from electricity.
 E - the +9 war axe of the Maze (weapon) {antimagic, +Rage rElec rC+ Int-2}
   (You found it on level 8 of the Dungeon)

   It reduces the magical energy of the wielder, and disrupts the spells and
   magical abilities of those hit.
   Natural abilities and divine invocations are not affected.
   It affects your intelligence (-2).
   It protects you from cold.
   It insulates you from electricity.
   It lets you go berserk.
Armour
 b - a +0 leather armour
 c - a +1 helmet (worn)
 d - a +0 chain mail (worn)
 l - a +0 ring mail
 t - a +0 pair of boots (worn)
 w - a cursed +0 pair of gloves (worn)
 D - a +0 cloak (worn)
Magical Staves
 n - a cursed staff of air {unknown}
Jewellery
 k - a +4 amulet of reflection (around neck)
 s - a +4 ring of evasion (left hand)
 z - a +3 ring of intelligence
 C - an uncursed ring of ice
Wands
 r - a wand of confusion (3/48)
 y - a wand of iceblast (8/15)
 A - a wand of digging (8/24)
 F - a wand of iceblast (7/15)
Scrolls
 e - 3 scrolls of magic mapping {unknown}
 f - 2 scrolls of identify
 g - a scroll of amnesia {unknown}
 h - 7 scrolls of teleportation
 i - a scroll of fear
 j - 2 scrolls of noise
 m - 2 scrolls of blinking {unknown}
 o - a scroll of enchant armour
 p - a scroll of enchant weapon {unknown}
 q - a scroll of recharging {unknown}
 u - a scroll of remove curse {unknown}
 v - a scroll of fog
 x - a scroll of immolation


   Skills:
 + Level 6.0 Fighting
 * Level 8.4 Long Blades
 - Level 1.5 Throwing
 + Level 5.4 Armour
 + Level 5.2 Dodging


You had 5 spell levels left.
You knew the following spells:

 Your Spells              Type           Power        Failure   Level  Hunger
a - Conjure Flame         Conj/Fire      #.......     100%        3    N/A

Dungeon Overview and Level Annotations

Branches:
Dungeon (11/15)            Temple (0/1) D:4
   Lair: D:8-11         Orc: D:9-12

Altars:
Cheibriados
Gozag
Hepliaklqana
Nemelex Xobeh
Qazlal
Ru
Trog
Uskayaw
Vehumet
Xom
The Shining One

Shops:
D:7 *

Annotations:
D:4 Menkaure
D:6 Prince Ribbit


Innate Abilities, Weirdness & Mutations

You do not eat or drink.
Your flesh is vulnerable to fire.
You are immune to poison.
Your flesh is cold resistant. (rC+)
You are immune to negative energy. (rN+++)
You are immune to unholy pain and torment.
You can survive without breathing.


Message History

The two-headed ogre hits you with a giant club! x2
Unknown command.
You hit the two-headed ogre.
The two-headed ogre is severely wounded.
The two-headed ogre hits you with a giant club.
The two-headed ogre barely misses you.
Unknown command.
Unknown command.
You barely miss the two-headed ogre.
The two-headed ogre is severely wounded.
The two-headed ogre is distracted by the nearby gold.
Unknown command.
Unknown command.
The two-headed ogre shouts in stereo!
You slash the two-headed ogre!
The two-headed ogre is no longer distracted by gold.
The two-headed ogre is almost dead.
The two-headed ogre hits you with a giant club!!
You die...
Your body crumbles into a pile of gold.

#.....#....#..#
#.....#....#..#
#.....#....#..#
#.....#....#..#
#.....#....#..#
######+##.......#
#...............#
#..######..# #.@#
#..# #O$# #..#
##..######..#
#..(........#
######......#
#....#..#..)#
#....#......#
#....#......#
#....#......#


You could see a two-headed ogre.

Vanquished Creatures
  A two-headed ogre (D:8)
  A cyclops (D:11)
  A troll (D:8)
  A sky beast (D:9)
  Purgy (Sewer)
  An ogre (D:8)
  An orc warrior (D:8)
  2 centaurs
  2 big kobolds
  4 bullfrogs
  A wyvern zombie (D:6)
  2 scorpions
  2 killer bees (D:7)
  3 howler monkeys (D:9)
  4 hounds
  A quasit (D:7)
  4 bullfrog zombies
  A jelly (D:11)
  4 orc wizards
  2 orc priests
  An iguana (D:6)
  2 centaur skeletons
  9 worker ants
  A hound skeleton (D:8)
  A worker ant zombie (D:9)
  5 gnolls
  5 adders
  2 shadow imps
  An ooze (D:1)
  4 worms
  2 dart slugs
  A leopard gecko (D:7)
  29 orcs
  5 ball pythons
  3 giant cockroaches
  12 goblins
  9 hobgoblins
  6 jackals (D:7)
  A quokka (D:7)
  3 bats
  10 frilled lizards
  A jackal skeleton (D:8)
  12 kobolds
  A leopard gecko skeleton (D:4)
  A quokka zombie (D:7)
  6 rats
172 creatures vanquished.

Vanquished Creatures (others)
  A killer bee (D:7)
1 creature vanquished.

Grand Total: 173 creatures vanquished

Notes
Turn   | Place    | Note
-------+----------+-------------------------------------------
     0 | D:1      | 4thArraOfDagon the Mummy Gladiator began the quest for the Orb.
     0 | D:1      | Reached XP level 1. HP: 16/16 MP: 1/1
     0 | D:1      | 4thArraOfDagon: hi
   122 | D:1      | Reached XP level 2. HP: 22/22 MP: 2/2
   315 | D:2      | Found a sparkling altar of Nemelex Xobeh.
   342 | D:2      | Reached XP level 3. HP: 21/27 MP: 3/3
   379 | D:2      | Reached skill level 3 in Long Blades
   415 | D:2      | Reached skill level 1 in Armour
   538 | D:2      | Found a glowing golden altar of the Shining One.
   624 | D:3      | Found a glowing drain.
   628 | Sewer    | Entered a sewer
   676 | Sewer    | Reached XP level 4. HP: 33/33 MP: 4/4
   710 | Sewer    | Noticed Purgy
   733 | Sewer    | Killed Purgy
   733 | Sewer    | Reached XP level 5. HP: 13/38 MP: 5/5
   739 | Sewer    | :/
   816 | D:3      | Found an opulent altar of Gozag.
   832 | D:3      | Reached skill level 4 in Long Blades
  1285 | D:4      | Reached XP level 6. HP: 30/44 MP: 6/6
  1438 | D:3      | Became a worshipper of Gozag Ym Sagoz the Greedy
  1476 | D:4      | Found a staircase to the Ecumenical Temple.
  1585 | D:4      | Noticed Menkaure
  1592 | D:5      | Entered Level 5 of the Dungeon
  1629 | D:5      | Found a stormy altar of Qazlal.
  1753 | D:5      | Reached skill level 5 in Long Blades
  2033 | D:5      | Reached XP level 7. HP: 46/51 MP: 7/7
  2125 | D:6      | Noticed Prince Ribbit
  2518 | D:5      | Found a radiant altar of Vehumet.
  2734 | D:6      | Found a bloodstained altar of Trog.
  2991 | D:6      | Found a radiant altar of Vehumet.
  3033 | D:7      | Found Edolaaxt's General Store.
  3042 | D:7      | Reached skill level 6 in Long Blades
  3069 | D:7      | Reached XP level 8. HP: 53/59 MP: 8/8
  3110 | D:7      | Bought a scroll of teleportation for 30 gold pieces
  3199 | D:7      | Found a snail-covered altar of Cheibriados.
  3660 | D:8      | Reached skill level 7 in Long Blades
  3667 | D:8      | Upgraded the game from 0.20-a0-785-g17250f0 to 0.20-a0-792-g09bcfd3
  3681 | D:8      | Found a sacrificial altar of Ru.
  3712 | D:8      | Noticed a two-headed ogre
  3732 | D:8      | Killed a two-headed ogre
  3732 | D:8      | Reached skill level 5 in Fighting
  3732 | D:8      | Reached XP level 9. HP: 43/68 MP: 9/9
  3749 | D:8      | Learned a level 3 spell: Conjure Flame
  3768 | D:8      | Found a hide-covered altar of Uskayaw.
  3803 | D:7      | Got a slimy rapier
  3807 | D:7      | Identified the +2 rapier "Joatzy" {pierce, rElec rF+} (You found it on level 7 of the Dungeon)
  3876 | D:8      | Got a transparent war axe
  3943 | D:8      | Noticed a troll
  3945 | D:8      | Identified the +9 war axe of the Maze {antimagic, +Rage rElec rC+ Int-2} (You found it on level 8 of the Dungeon)
  3961 | D:8      | Killed a troll
  3987 | D:8      | Found a hazy altar of Hepliaklqana.
  3999 | D:8      | Found a sacrificial altar of Ru.
  4002 | D:8      | Found a shimmering altar of Xom.
  4081 | D:8      | Reached skill level 5 in Armour
  4289 | D:9      | Reached skill level 8 in Long Blades
  4317 | D:9      | Reached skill level 5 in Dodging
  4465 | D:10     | Entered Level 10 of the Dungeon
  4520 | D:11     | Noticed a cyclops
  4541 | D:11     | Killed a cyclops
  4553 | D:11     | Noticed a two-headed ogre
  4554 | D:11     | Noticed a white ugly thing
  4576 | D:11     | Slain by a two-headed ogre

Vault maps used:
D:1:      nicolae_arrival_somewhat_less_tricky_arrival
D:2:      lemuel_round_altar, lemuel_doored_altar
D:3:      nicolae_overflow_hidden_temple, lightli_sewer_entry_pipes,
          grunt_ministairs_6, corexii_corridor_pit
D:4:      kennysheep_little_box, temple_fountains, first_bread, serial_shops,
          kennysheep_mini, shop, uniq_menkaure
D:5:      lemuel_upstairs_altar, lemuel_crystal_altar
D:6:      overflow_temple_1_default, old_standard_altar,
          lemuel_coloured_pillars_altar, uniq_prince_ribbit1
D:7:      serial_shops, nicolae_shop_statue_plus, the_bakery,
          cheibriados_altar_1
D:8:      eat_drink_and_be_merry_uskayaw, grunt_temple_overflow_diamond,
          nicolae_benzene_ring, nicolae_ru_awakened_eye
D:9:      marbit_many_paths
D:10:     minmay_lair_entry_lava
D:11:     lemuel_flame_loot_2, zombieorc1_lemuel, uniq_maurice, uniq_urug
Sewer:    sewer_co_purgy_island

Skill      XL: |  1  2  3  4  5  6  7  8  9 |
---------------+----------------------------+-----
Long Blades    | 3 4 5 6 7 8 |  8.4
Armour         | 1 2 3 4 5 |  5.4
Dodging        | 3 4 5 |  5.2
Fighting       | 3 5 6 |  6.0
Throwing       | |  1.5

Action                   |  1- 3 |  4- 6 |  7- 9 || total
-------------------------+-------+-------+-------++-------
Melee: Long sword        |   118 |   174 |   311 ||   603
       War axe           |       |       |    83 ||    83
       Rapier            |       |       |     2 ||     2
Throw: Throwing net      |       |     4 |       ||     4
Evoke: Wand              |       |       |    13 ||    13
  Use: Scroll            |       |     2 |     5 ||     7
 Stab: Confused          |       |       |     6 ||     6
Armor: Leather armour    |    19 |       |       ||    19
       Ring mail         |    23 |    15 |       ||    38
       Chain mail        |       |    62 |   155 ||   217
Dodge: Dodged            |    61 |    84 |   214 ||   359
Block: Other             |    20 |    38 |    78 ||   136
       Reflection        |     1 |     1 |       ||     2
       Rpst.: Long sword |    21 |    20 |    45 ||    86
